[Event "Titled Tuesday Blitz December 27 Early 2022"]
[White "Manon-og, Ramon Jr."]
[Black "Roque Sola, Jose Luis"]
[WhiteFideId "5200776"]
[BlackFideId "5120390"]
[WhiteElo "1999"]
[BlackElo "2217"]
[Result "1-0"]
[Round "07"]
[TimeControl "180+2"]
[Date "2022.12.27"]
[WhiteClock "0:00:43"]
[BlackClock "0:00:05"]

1. e4 e6 2. d4 d5 3. Nd2 c5 4. Ngf3 cxd4 5. Nxd4 Nf6 6. exd5 Qxd5 7. N2f3 Be7 8. Bd3 O-O 9. O-O Nc6 10. Nxc6 Qxc6 11. Qe2 b6 12. Bg5 Bb7 13. Rad1 Qc5 14. Bh4 Qh5 15. Bg3 Bxf3 16. Qxf3 Qxf3 17. gxf3 Nd5 18. Be4 Rac8 19. Bxd5 exd5 20. c3 Rfd8 21. Rd2 Rd7 22. Rfd1 Rcd8 23. Be5 f6 24. Bf4 Bc5 25. Kf1 Kf7 26. a4 g5 27. Bg3 f5 28. f4 g4 29. Bh4 Be7 30. Bxe7 Kxe7 31. Re1+ Kf6 32. Re5 d4 33. c4 d3 34. b3 Rd4 35. Re3 Rxf4 36. Rexd3 Rxd3 37. Rxd3 Rf3 38. Rxf3 gxf3 39. Ke1 Ke5 40. Kd2 Kd4 41. h3 a5 42. h4 h5 43. Kc2 Kc5 44. Kc3 f4 45. Kc2 Kb4 46. Kb2 Kc5 47. Kc3 1-0


[Site "https://www.chess.com"]

[Event "Titled Tuesday Blitz December 27 Early 2022"]
[White "Marin Ramirez, Gerardo"]
[Black "Melikhov, Evgeny V."]
[WhiteFideId "3901068"]
[BlackFideId "4122046"]
[WhiteElo "2127"]
[BlackElo "2269"]
[Result "0-1"]
[Round "07"]
[TimeControl "180+2"]
[Date "2022.12.27"]
[WhiteClock "0:00:00"]
[BlackClock "0:00:55"]

1. d4 Nf6 2. Nf3 d5 3. g3 c5 4. Bg2 Nc6 5. O-O e6 6. c4 Be7 7. dxc5 Bxc5 8. Nc3 O-O 9. cxd5 exd5 10. Bg5 Be6 11. Rc1 Be7 12. Nd4 h6 13. Bf4 Qd7 14. Na4 Bh3 15. Nc5 Bxc5 16. Rxc5 Bxg2 17. Kxg2 Ne4 18. Rc1 Rfe8 19. Nb3 Rad8 20. a3 d4 21. Qd3 g5 22. Bd2 Qd5 23. f3 Nxd2 24. Nxd2 Re3 25. Qc4 Qxc4 26. Nxc4 Rxe2+ 27. Rf2 d3 28. Rd1 Rc2 0-1


[Site "https://www.chess.com"]

[Event "Titled Tuesday Blitz December 27 Early 2022"]
[White "Martinez Alcantara, Jose Eduardo"]
[Black "Bluebaum, Matthias"]
[WhiteFideId "3805662"]
[BlackFideId "24651516"]
[WhiteElo "2619"]
[BlackElo "2669"]
[Result "1-0"]
[Round "07"]
[TimeControl "180+2"]
[Date "2022.12.27"]
[WhiteClock "0:00:09"]
[BlackClock "0:00:03"]

1. e4 e6 2. d4 d5 3. Nd2 c5 4. Ngf3 cxd4 5. Nxd4 Nf6 6. exd5 Nxd5 7. c3 Be7 8. N2f3 O-O 9. Bd3 Nd7 10. O-O Qc7 11. Qe2 Nf4 12. Bxf4 Qxf4 13. Rfe1 Bf6 14. Rad1 Nc5 15. Bc4 a6 16. Ne5 b5 17. Bb3 Bb7 18. Bc2 Rad8 19. g3 Qxe5 20. Qxe5 Bxe5 21. Rxe5 Nd7 22. Ree1 Nb6 23. Bb3 Rd6 24. f4 Rfd8 25. f5 exf5 26. Re7 Be4 27. Rxf7 Kh8 28. Ra7 Nc8 29. Rc7 h6 30. Re1 Nb6 31. g4 Rg6 32. h3 Bd3 33. Re6 Rxe6 34. Nxe6 Rd7 35. Rc6 Rb7 36. Rd6 Bc4 37. Rd8+ Kh7 38. Nf8+ Kg8 39. gxf5 Kf7 40. Ne6 Kf6 41. Nd4 Bxb3 42. axb3 Rd7 43. Rb8 Nd5 44. Ra8 Rd6 45. Kf2 Ne7 46. Kf3 Rd5 47. Rxa6+ Ke5 48. Re6# 1-0


[Site "https://www.chess.com"]

[Event "Titled Tuesday Blitz December 27 Early 2022"]
[White "Matveeva, Olga"]
[Black "Bilan, Danila"]
[WhiteFideId "24107018"]
[BlackFideId "24161918"]
[WhiteElo "2128"]
[BlackElo "2303"]
[Result "0-1"]
[Round "07"]
[TimeControl "180+2"]
[Date "2022.12.27"]
[WhiteClock "0:00:01"]
[BlackClock "0:00:06"]

1. d4 d5 2. c4 c6 3. Nf3 Nf6 4. Qb3 e6 5. g3 Nbd7 6. Bg2 Bd6 7. O-O O-O 8. Nc3 b6 9. Rd1 Ba6 10. cxd5 exd5 11. Qc2 Re8 12. a4 Bb4 13. e3 Rc8 14. Bd2 Bb7 15. Ne2 Bd6 16. a5 Ne4 17. a6 Ba8 18. Bc3 c5 19. dxc5 bxc5 20. Ba5 Qf6 21. Nf4 d4 22. Qc4 g5 23. Nh5 Qf5 24. h3 g4 25. hxg4 Qxg4 26. Nf4 Bxf4 27. exf4 Nxg3 28. fxg3 Bxf3 29. Bxf3 Qxf3 30. Qd3 Re3 31. Qf1 Qxg3+ 32. Qg2 Nf6 33. Qxg3+ Rxg3+ 34. Kh2 Rg6 35. f5 Rh6+ 36. Kg3 Kf8 37. Kf4 Rh2 38. Rd2 Nd5+ 39. Ke5 Rxd2 40. Bxd2 Ne7 41. Kd6 Nxf5+ 42. Ke5 Ne3 43. Bxe3 dxe3 44. Re1 Kg7 45. Kd6 Re8 46. Kxc5 f5 47. Kd5 f4 48. Rg1+ Kf6 49. Kd4 e2 50. Re1 f3 51. Kd3 Kf5 0-1


[Site "https://www.chess.com"]

[Event "Titled Tuesday Blitz December 27 Early 2022"]
[White "Mikhailovsky, Vladimir"]
[Black "Ovchinnikov, Vsevolod"]
[WhiteFideId "34105414"]
[BlackFideId "24176842"]
[WhiteElo "2215"]
[BlackElo "2426"]
[Result "1-0"]
[Round "07"]
[TimeControl "180+2"]
[Date "2022.12.27"]
[WhiteClock "0:00:07"]
[BlackClock "0:00:01"]

1. d4 Nf6 2. c4 g6 3. Nc3 d5 4. cxd5 Nxd5 5. e4 Nxc3 6. bxc3 Bg7 7. Nf3 c5 8. h3 O-O 9. Be2 Nc6 10. Be3 Bd7 11. O-O Rc8 12. d5 Na5 13. Rc1 e6 14. c4 Re8 15. Qc2 Qe7 16. Bd2 b6 17. Bxa5 bxa5 18. Nd2 Rb8 19. Rb1 Qd6 20. f4 Rxb1 21. Nxb1 Bd4+ 22. Kh1 Rb8 23. Nc3 Qb6 24. Rb1 Qc7 25. Rxb8+ Qxb8 26. e5 Qb4 27. Ne4 Qe1+ 28. Kh2 Bg1+ 29. Kh1 Be3+ 30. Kh2 Bxf4+ 31. g3 Bxe5 32. Bf3 Kg7 33. Qg2 exd5 34. Nxc5 Bc8 35. Bxd5 Qe3 36. Ne4 f5 37. Nd2 a4 38. Nf3 Bd6 39. Qb2+ Kh6 40. Qg2 a3 41. h4 Bd7 42. Ng5 Qd4 43. Nf7+ Kg7 44. Nxd6 f4 45. Nb7 fxg3+ 46. Qxg3 Qb2+ 47. Bg2 Qxa2 48. Qe5+ Kh6 49. Nd6 1-0


[Site "https://www.chess.com"]

[Event "Titled Tuesday Blitz December 27 Early 2022"]
[White "Minko, Dmitry"]
[Black "Borrmann, Laurenz"]
[WhiteFideId "24188468"]
[BlackFideId "312187930"]
[WhiteElo "2247"]
[BlackElo "2304"]
[Result "1-0"]
[Round "07"]
[TimeControl "180+2"]
[Date "2022.12.27"]
[WhiteClock "0:00:10"]
[BlackClock "0:00:04"]

1. e4 c6 2. d4 d5 3. exd5 cxd5 4. Bd3 Nf6 5. c3 Bg4 6. Qb3 Qc7 7. Ne2 Bxe2 8. Bxe2 Nc6 9. O-O e6 10. Bd3 Bd6 11. h3 O-O 12. a4 Nh5 13. Na3 a6 14. Qd1 Nf4 15. Bb1 Rad8 16. Nc2 Rfe8 17. Ne3 e5 18. Nf5 exd4 19. Qg4 Ne2+ 20. Kh1 g6 21. Nh6+ Kg7 22. Nf5+ Kg8 23. Nh6+ Kf8 24. Bg5 Be7 25. Bd3 Bxg5 26. Qxg5 Nf4 27. Rad1 Qe5 28. Qg4 dxc3 29. bxc3 Nxd3 30. Rxd3 Qe4 31. Qd1 d4 32. cxd4 Rxd4 33. Qb3 Qf4 34. Rf3 Rb4 35. Qxf7+ Qxf7 36. Rxf7# 1-0


[Site "https://www.chess.com"]

[Event "Titled Tuesday Blitz December 27 Early 2022"]
[White "Moskvin, Anatoly"]
[Black "Hsu, Li Yang"]
[WhiteFideId "24199990"]
[BlackFideId "5800080"]
[WhiteElo "2189"]
[BlackElo "2427"]
[Result "1-0"]
[Round "07"]
[TimeControl "180+2"]
[Date "2022.12.27"]
[WhiteClock "0:00:11"]
[BlackClock "0:00:17"]

1. e4 c6 2. c4 d5 3. exd5 cxd5 4. cxd5 Nf6 5. Nc3 g6 6. Bc4 Bg7 7. Nge2 O-O 8. O-O b6 9. d3 Bb7 10. Qb3 Na6 11. Be3 Nc7 12. Nf4 g5 13. Nfe2 h6 14. a4 Ncxd5 15. a5 Nxe3 16. fxe3 e6 17. a6 Bc6 18. Nd4 Bd7 19. Nf3 Ng4 20. Rae1 Bc6 21. Bxe6 Bxf3 22. gxf3 Nxe3 23. Rxe3 Qd4 24. Re1 fxe6 25. Qxe6+ Kh8 26. Qe4 Rae8 27. Qxd4 Bxd4 28. Kf2 Rxe3 29. Rxe3 Re8 30. Ne4 Rc8 31. Nc3 Rc5 32. Ke2 Bxe3 33. Kxe3 Kg7 34. Kd4 Kf7 35. b4 Rf5 36. Ke3 Ke6 37. d4 Kd7 38. Ke4 Rf4+ 39. Ke3 Kc6 40. b5+ Kd7 41. Nd5 1-0


[Site "https://www.chess.com"]

[Event "Titled Tuesday Blitz December 27 Early 2022"]
[White "Movahed, Sina"]
[Black "Bok, Benjamin"]
[WhiteFideId "42520835"]
[BlackFideId "1017063"]
[WhiteElo "2340"]
[BlackElo "2607"]
[Result "0-1"]
[Round "07"]
[TimeControl "180+2"]
[Date "2022.12.27"]
[WhiteClock "0:00:06"]
[BlackClock "0:00:08"]

1. Nf3 d5 2. g3 c6 3. Bg2 Bg4 4. O-O Nd7 5. d3 Ngf6 6. Qe1 e5 7. Nbd2 Bd6 8. e4 O-O 9. h3 Bh5 10. Nh4 Re8 11. g4 Bg6 12. Nf5 Bf8 13. Nf3 dxe4 14. dxe4 Nc5 15. N3h4 Ne6 16. c3 Nd7 17. Nf3 f6 18. Qe2 Qc7 19. Rd1 Rad8 20. h4 Bf7 21. g5 g6 22. Ng3 Nf4 23. Bxf4 exf4 24. Nf1 f5 25. N1d2 Nc5 26. e5 Nd3 27. Nb3 Nxe5 28. Nxe5 Rxe5 29. Qc2 Rde8 30. Bf3 Qe7 31. Nd4 h6 32. Bg2 hxg5 33. hxg5 Bg7 34. Qd3 c5 35. Nf3 Re2 36. Re1 c4 37. Rxe2 Qxe2 38. Qd7 Qxb2 39. Rd1 Qxc3 40. Qc7 Qb2 41. Rd7 Be6 42. Rd6 c3 43. Rxe6 Rxe6 44. Qc8+ Kh7 45. Qxe6 c2 46. Nh4 c1=Q+ 47. Kh2 Qb6 48. Qf7 f3 49. Nxf3 Qf4+ 50. Kg1 Qb1+ 0-1


[Site "https://www.chess.com"]

[Event "Titled Tuesday Blitz December 27 Early 2022"]
[White "Musovic, Armin"]
[Black "Kahlert, Thomas"]
[WhiteFideId "939935"]
[BlackFideId "4625242"]
[WhiteElo "2261"]
[BlackElo "2144"]
[Result "1/2-1/2"]
[Round "07"]
[TimeControl "180+2"]
[Date "2022.12.27"]
[WhiteClock "0:00:51"]
[BlackClock "0:01:31"]

1. a3 d5 2. Nc3 Nf6 3. d3 c5 4. Bg5 Nc6 5. e4 dxe4 6. dxe4 Qxd1+ 7. Rxd1 a6 8. Bxf6 exf6 9. Nd5 Rb8 10. Nc7+ Ke7 11. Nd5+ Ke8 12. Nc7+ Ke7 13. f4 Be6 14. Nf3 g6 15. f5 gxf5 16. exf5 Bxf5 17. Nd5+ Ke8 18. Nxf6+ Ke7 19. Nd5+ Ke8 20. Nc7+ Ke7 21. Bc4 Be6 22. Nxe6 fxe6 23. O-O Bg7 24. c3 Rbd8 25. Rde1 Rd6 26. Re4 Rhd8 27. Rfe1 e5 28. Nh4 Rd1 29. g4 Rxe1+ 30. Rxe1 Rd2 31. Nf5+ Kf6 32. Re2 Rxe2 33. Bxe2 Bf8 34. Bf3 Nd8 35. Bd5 b6 36. Kg2 Ne6 37. Bxe6 Kxe6 38. Kf3 Kd5 39. Ne3+ Ke6 40. Ke4 Bh6 41. Nd5 Bc1 42. Nxb6 Bxb2 43. Nd5 Bxa3 44. Nc7+ Kd6 45. Nxa6 Bb2 46. c4 Bc3 47. h4 Bd2 48. Kf5 h6 49. g5 hxg5 50. hxg5 Be3 51. g6 Bh6 52. Nxc5 Kxc5 53. Kxe5 Kxc4 54. Ke6 Kd4 55. Kf7 Ke5 56. g7 Bxg7 1/2-1/2


[Site "https://www.chess.com"]

[Event "Titled Tuesday Blitz December 27 Early 2022"]
[White "Najdin, Danil"]
[Black "Diaz, Fernando"]
[WhiteFideId "4172426"]
[BlackFideId "3701255"]
[WhiteElo "2235"]
[BlackElo "2121"]
[Result "1-0"]
[Round "07"]
[TimeControl "180+2"]
[Date "2022.12.27"]
[WhiteClock "0:00:20"]
[BlackClock "0:00:08"]

1. e4 e6 2. d4 d5 3. Nd2 Nf6 4. e5 Nfd7 5. Bd3 c5 6. c3 Nc6 7. Ne2 c4 8. Bc2 f5 9. exf6 Nxf6 10. Nf3 Bd6 11. Bf4 Qc7 12. Bxd6 Qxd6 13. O-O O-O 14. Qd2 e5 15. dxe5 Nxe5 16. Nxe5 Qxe5 17. Rad1 Be6 18. Rfe1 Ng4 19. Ng3 Qf6 20. f3 Nh6 21. Nh5 Qf7 22. Nxg7 Kxg7 23. Qg5+ Kh8 24. Qe5+ Qg7 25. Qxg7+ Kxg7 26. Rxe6 Rfe8 27. Rxe8 Rxe8 28. Kf2 Re5 29. f4 Rh5 30. h3 Nf7 31. Kf3 Nd6 32. Kg4 Rh6 33. Rxd5 Rf6 34. h4 Nf7 35. Rd7 Kf8 36. Bxh7 Rh6 37. Be4 Rb6 38. Rxb7 Rxb7 39. Bxb7 Nd6 40. Bd5 Ke7 41. Kg5 1-0


[Site "https://www.chess.com"]

[Event "Titled Tuesday Blitz December 27 Early 2022"]
[White "Narayanan.S.L"]
[Black "Kilic, Eray"]
[WhiteFideId "5058422"]
[BlackFideId "44517173"]
[WhiteElo "2660"]
[BlackElo "2414"]
[Result "0-1"]
[Round "07"]
[TimeControl "180+2"]
[Date "2022.12.27"]
[WhiteClock "0:00:01"]
[BlackClock "0:00:20"]

1. c4 e5 2. Nc3 Nc6 3. Nf3 g6 4. g3 Bg7 5. Bg2 Nge7 6. O-O O-O 7. d3 d6 8. Rb1 h6 9. b4 Nd4 10. e3 Nxf3+ 11. Bxf3 c6 12. b5 Bh3 13. Re1 d5 14. bxc6 bxc6 15. cxd5 Nxd5 16. Na4 Qd6 17. Rb3 Rfb8 18. Ba3 Qd8 19. e4 Nc7 20. Bb2 Be6 21. Rxb8 Rxb8 22. Be2 Bxa2 23. Qa1 Bb3 24. Nc5 Ne6 25. Nxe6 Bxe6 26. Bxe5 Bxe5 27. Qxe5 Rb5 28. Qc3 Qb6 29. Bf1 Rb3 30. Qf6 c5 31. h4 h5 32. Qf4 a5 33. Ra1 Rb2 34. Qe3 Qb4 35. Bg2 a4 36. e5 a3 37. Kh2 a2 38. Qg5 Rxf2 39. Qd8+ Kg7 40. Qa8 Qb2 0-1


[Site "https://www.chess.com"]

[Event "Titled Tuesday Blitz December 27 Early 2022"]
[White "Omariev, Maksim"]
[Black "Bashirli, Saadat"]
[WhiteFideId "4193423"]
[BlackFideId "13429990"]
[WhiteElo "2304"]
[BlackElo "1571"]
[Result "1-0"]
[Round "07"]
[TimeControl "180+2"]
[Date "2022.12.27"]
[WhiteClock "0:00:08"]
[BlackClock "0:00:12"]

1. g4 d5 2. Bg2 Bxg4 3. c4 e6 4. Qb3 Bc5 5. cxd5 exd5 6. Qxb7 Nd7 7. Qxd5 Rb8 8. Qe4+ Be6 9. d4 Bb4+ 10. Nc3 Ngf6 11. Qh4 O-O 12. Nf3 c5 13. O-O cxd4 14. Nxd4 Bxc3 15. Nc6 Qc7 16. Nxb8 Rxb8 17. bxc3 Qxc3 18. Bf4 Re8 19. Rfc1 Qb2 20. e3 Ng4 21. a4 Ndf6 22. Bg3 Qd2 23. Qg5 h6 24. Qc5 a6 25. h3 Rc8 26. Qa3 Rxc1+ 27. Qxc1 Qd7 28. hxg4 Nxg4 29. Qc7 Qd3 30. Qf4 Qe2 31. Rc1 g6 32. a5 Kg7 33. Qd4+ f6 34. Qa7+ Bf7 35. Qd4 Ne5 36. Qc3 Qb5 37. Bf1 Qa4 38. Bg2 Qg4 39. Bxe5 fxe5 40. Qxe5+ Kh7 41. Rc7 Kg8 42. Rc5 Qh4 43. Qg3 Qd8 44. Qe5 Qd1+ 45. Kh2 Qd8 46. Bf3 Qh4+ 47. Kg2 Qd8 48. Rc7 h5 49. Qc5 Qe8 50. Rc8 Qxc8 51. Qxc8+ Kg7 52. Qxa6 h4 53. Qb6 h3+ 54. Kh2 Be8 55. a6 Bd7 56. a7 g5 57. Qc7 g4 58. Qxd7+ Kg6 59. Qxg4+ Kh6 60. Qxh3+ Kg6 61. Qg4+ Kh6 62. a8=Q Kh7 63. Qag8+ Kh6 64. Q8g6# 1-0


[Site "https://www.chess.com"]

[Event "Titled Tuesday Blitz December 27 Early 2022"]
[White "Orujov, Elshad"]
[Black "Zaichenko, Daria"]
[WhiteFideId "13403540"]
[BlackFideId "4197453"]
[WhiteElo "2304"]
[BlackElo "2104"]
[Result "1-0"]
[Round "07"]
[TimeControl "180+2"]
[Date "2022.12.27"]
[WhiteClock "0:00:04"]
[BlackClock "0:00:01"]

1. e4 c5 2. Nf3 Nc6 3. d4 cxd4 4. Nxd4 Nf6 5. Nc3 d6 6. Bg5 e6 7. Qd2 a6 8. O-O-O Bd7 9. f4 Be7 10. Nf3 b5 11. e5 dxe5 12. fxe5 Nd5 13. Nxd5 Bxg5 14. Qxg5 Qxg5+ 15. Nxg5 exd5 16. Rxd5 h6 17. Nxf7 Be6 18. Nd6+ Ke7 19. Rd2 Nxe5 20. Be2 Rad8 21. Rhd1 Rhf8 22. Bf3 Nxf3 23. gxf3 Rd7 24. Rd3 Rfd8 25. Ne4 Rxd3 26. Rxd3 Rxd3 27. cxd3 Bxa2 28. Nc5 Bd5 29. f4 a5 30. Kd2 g5 31. fxg5 hxg5 32. Ke3 Kd6 33. d4 a4 34. Kf2 Bc6 35. Kg3 Kd5 36. Kg4 Kxd4 37. Ne6+ Ke5 38. Nxg5 b4 39. Nh3 a3 40. bxa3 bxa3 41. Nf2 a2 42. Nd3+ Kd6 43. Ne5 a1=Q 44. Nc4+ Kd5 45. Ne5 1-0


[Site "https://www.chess.com"]

[Event "Titled Tuesday Blitz December 27 Early 2022"]
[White "Orzech, Dominik"]
[Black "Royal, Shreyas"]
[WhiteFideId "1115065"]
[BlackFideId "448869"]
[WhiteElo "2308"]
[BlackElo "2438"]
[Result "1-0"]
[Round "07"]
[TimeControl "180+2"]
[Date "2022.12.27"]
[WhiteClock "0:00:44"]
[BlackClock "0:00:23"]

1. e4 c6 2. Nc3 d5 3. d4 dxe4 4. Nxe4 Nf6 5. Nxf6+ exf6 6. c3 Bd6 7. Bd3 O-O 8. Ne2 Nd7 9. Qc2 g6 10. Bh6 Re8 11. h4 Nf8 12. O-O-O Be6 13. Kb1 Qa5 14. Nc1 Qh5 15. Bd2 Bd5 16. f3 f5 17. Be2 Bg3 18. c4 Be6 19. Bd3 Rad8 20. Ne2 Bc7 21. g4 fxg4 22. fxg4 Bxg4 23. Nf4 Bxd1 24. Rxd1 Bxf4 25. Bxf4 Rxd4 26. Bg5 Ne6 27. Be2 Rxd1+ 28. Qxd1 Qxg5 29. hxg5 Nxg5 30. Qd2 Ne6 31. Bg4 Ng7 32. Qd7 h5 33. Bf3 Re3 34. Bd1 h4 35. Qxb7 Re1 36. Kc2 Nf5 37. Bg4 Nd4+ 38. Kc3 Re4 39. Bd7 Nf3 40. Bxc6 Re3+ 41. Kb4 Ne5 42. Bd5 Nd3+ 43. Ka5 h3 44. Qxf7+ 1-0


[Site "https://www.chess.com"]

[Event "Titled Tuesday Blitz December 27 Early 2022"]
[White "Osiecki, Stanislaw"]
[Black "Buscar, Michael"]
[WhiteFideId "1102990"]
[BlackFideId "2603616"]
[WhiteElo "2055"]
[BlackElo "2041"]
[Result "0-1"]
[Round "07"]
[TimeControl "180+2"]
[Date "2022.12.27"]
[WhiteClock "0:00:01"]
[BlackClock "0:00:17"]

1. e4 c6 2. d4 d6 3. f4 Nf6 4. e5 Nd5 5. c4 Nc7 6. Nf3 Bg4 7. Be2 b5 8. b3 g6 9. O-O Bg7 10. h3 Bd7 11. d5 O-O 12. Bb2 bxc4 13. bxc4 Nba6 14. Ng5 Nc5 15. Nxf7 Rxf7 16. e6 N5xe6 17. dxe6 Nxe6 18. Bxg7 Nxg7 19. Nc3 Qa5 20. Ne4 Raf8 21. Qc1 Qf5 22. Ng5 Qc5+ 23. Kh1 Rf6 24. Ne4 Qd4 25. Nxf6+ Rxf6 26. Qa3 Nf5 27. Bg4 h5 28. Bxf5 Rxf5 29. Rad1 Qb6 30. Rb1 Qd4 31. Rb8+ Kf7 32. Qb2 Qxb2 33. Rxb2 Be6 34. Rb4 a5 35. Ra4 Kf6 36. g4 hxg4 37. hxg4 Rc5 38. g5+ Kf5 39. Re1 Bxc4 40. Rxe7 Kxf4 41. Ra7 Kxg5 42. R7xa5 Bb5 43. Rd4 Rc1+ 44. Kh2 d5 45. a4 Be2 46. Rd2 Bf3 47. Kg3 Be4 48. Ra7 Rc3+ 49. Kf2 Kg4 50. a5 Rf3+ 51. Ke2 Rh3 52. Rf7 Ra3 53. Ra7 c5 54. a6 c4 55. Ra8 c3 0-1


[Site "https://www.chess.com"]

[Event "Titled Tuesday Blitz December 27 Early 2022"]
[White "Pakleza, Zbigniew"]
[Black "Xu, Yi"]
[WhiteFideId "1119290"]
[BlackFideId "8605564"]
[WhiteElo "2494"]
[BlackElo "2527"]
[Result "1/2-1/2"]
[Round "07"]
[TimeControl "180+2"]
[Date "2022.12.27"]
[WhiteClock "0:00:04"]
[BlackClock "0:00:09"]

1. d4 Nf6 2. Nf3 d5 3. Bf4 c5 4. c3 Nc6 5. Nbd2 cxd4 6. cxd4 Nh5 7. Be5 f6 8. Bg3 Qb6 9. e3 Nxg3 10. hxg3 e5 11. dxe5 fxe5 12. Qb3 Qxb3 13. Nxb3 Bb4+ 14. Nfd2 Bf5 15. a3 Bd6 16. Rc1 O-O 17. e4 dxe4 18. Nc4 Rad8 19. Ne3 Be6 20. Nc5 Bxc5 21. Rxc5 Rd6 22. Rh4 Rfd8 23. b4 a6 24. Rxe4 Rd4 25. Rxd4 exd4 26. Bc4 Re8 27. Bxa6 bxa6 28. Rxc6 dxe3 29. Rxa6 Bc4 30. Rc6 exf2+ 31. Kxf2 Re2+ 32. Kf3 Bd5+ 33. Kxe2 Bxc6 34. Ke3 Kf7 35. Kd4 Ke6 36. Kc5 Bxg2 37. b5 Kd7 38. a4 g5 39. a5 h5 40. Kd4 h4 41. gxh4 gxh4 42. Ke3 h3 43. Kf2 Kd6 44. Kg3 Kc5 45. a6 Kb6 46. Kh2 Bf1 47. Kg3 Ka7 48. Kh2 Kb6 49. Kg3 Bg2 50. Kh2 Kc7 51. Kg3 Kd6 52. a7 Kc7 53. a8=Q Bxa8 54. Kxh3 Kb6 55. Kg3 Kxb5 1/2-1/2


[Site "https://www.chess.com"]

[Event "Titled Tuesday Blitz December 27 Early 2022"]
[White "Peatman, Carter"]
[Black "Ambartsumova, Karina"]
[WhiteFideId "2096480"]
[BlackFideId "4166299"]
[WhiteElo "1998"]
[BlackElo "2393"]
[Result "0-1"]
[Round "07"]
[TimeControl "180+2"]
[Date "2022.12.27"]
[WhiteClock "0:00:01"]
[BlackClock "0:00:13"]

1. d4 Nf6 2. Bf4 d5 3. e3 c5 4. c3 Qb6 5. Qb3 c4 6. Qc2 g6 7. Nd2 Bf5 8. Qc1 Nc6 9. f3 Bg7 10. e4 dxe4 11. Nxc4 Qd8 12. Ne3 Be6 13. Qc2 exf3 14. Nxf3 O-O 15. Bd3 Rc8 16. Qe2 a6 17. a4 Na5 18. O-O Nd5 19. Nxd5 Bxd5 20. Be5 f6 21. Bf4 Re8 22. Rae1 Qd7 23. b4 Nc4 24. a5 Nd6 25. Bd2 Bc4 26. h4 Bxd3 27. Qxd3 Qb5 28. Qe3 Qc4 29. Qe6+ Qxe6 30. Rxe6 Kf7 31. Rfe1 Nb5 32. Rb6 Rc7 33. c4 Rxc4 34. Rxb7 Nxd4 35. Be3 Nxf3+ 36. gxf3 f5 37. Bc5 Bf6 38. Rb6 Ra8 39. Rd1 Rxh4 40. Rd7 Rc4 41. Rc7 Bd4+ 42. Kg2 h5 43. Rxe7+ Kg8 44. Rxg6+ Kh8 45. Rh6+ Kg8 46. Rg6+ Kh8 47. Rc7 Bxc5 48. bxc5 Rg8 49. Rxg8+ Kxg8 50. c6 Rc5 51. Rc8+ Kg7 52. c7 f4 53. Ra8 Rxc7 54. Rxa6 Rc5 55. Ra7+ Kg6 56. a6 Ra5 57. Ra8 Kg5 58. Rg8+ Kh4 0-1


[Site "https://www.chess.com"]

[Event "Titled Tuesday Blitz December 27 Early 2022"]
[White "Petrovic, Aleksa"]
[Black "Herman, Daniel"]
[WhiteFideId "967629"]
[BlackFideId "30935008"]
[WhiteElo "2332"]
[BlackElo "1956"]
[Result "1/2-1/2"]
[Round "07"]
[TimeControl "180+2"]
[Date "2022.12.27"]
[WhiteClock "0:02:07"]
[BlackClock "0:01:27"]

1. d4 Nf6 2. c4 g6 3. Nc3 d5 4. cxd5 Nxd5 5. e4 Nxc3 6. bxc3 Bg7 7. Nf3 c5 8. Rb1 Qa5 9. Rb5 Qxc3+ 10. Bd2 Qa3 11. Rxc5 O-O 12. Qc1 Qxc1+ 13. Rxc1 Nc6 14. d5 Nd4 15. Nxd4 Bxd4 16. Bc3 Bxc3+ 17. Rxc3 Rd8 18. Bc4 Bd7 19. Ke2 Rac8 20. Rhc1 Rxc4 21. Rxc4 Bb5 22. Ke3 Bxc4 23. Rxc4 Rd7 24. a4 f5 1/2-1/2


[Site "https://www.chess.com"]

[Event "Titled Tuesday Blitz December 27 Early 2022"]
[White "Piesik, Piotr"]
[Black "Shuvalov, Evgenij"]
[WhiteFideId "1136194"]
[BlackFideId "4187237"]
[WhiteElo "2426"]
[BlackElo "2038"]
[Result "1/2-1/2"]
[Round "07"]
[TimeControl "180+2"]
[Date "2022.12.27"]
[WhiteClock "0:00:52"]
[BlackClock "0:01:03"]

1. Nf3 Nf6 2. g3 g6 3. Bg2 Bg7 4. O-O O-O 5. d4 d5 6. c4 c6 7. Nc3 dxc4 8. a4 Na6 9. e3 Nb4 10. Ne5 Be6 11. Qe2 Qa5 12. Nxc4 Qa6 13. b3 Nfd5 14. Bd2 Nxc3 15. Bxc3 Nd5 16. Bb2 Rfd8 17. Rfc1 Nb6 18. a5 Nxc4 19. bxc4 f5 20. Qc2 Bf7 21. c5 Qb5 22. a6 bxa6 23. Bf1 Qb3 24. Qxb3 Bxb3 25. Rxa6 Bd5 26. Rca1 Rd7 27. Bc3 e6 28. Rb1 Bf6 29. Ra4 Bd8 30. Ba6 Kf8 31. Kf1 g5 32. Ke2 g4 33. Ke1 h5 34. Ba5 Bxa5+ 35. Rxa5 Rh7 36. Rb7 Rh6 37. Be2 h4 38. Raxa7 Rxa7 39. Rxa7 hxg3 40. hxg3 Rh1+ 41. Kd2 Rh2 42. Ke1 Rh1+ 43. Kd2 Rh2 44. Ke1 Rh1+ 1/2-1/2


[Site "https://www.chess.com"]

[Event "Titled Tuesday Blitz December 27 Early 2022"]
[White "Pinheiro, Iung Alicio de O."]
[Black "Sargissyan, Sargis"]
[WhiteFideId "2104350"]
[BlackFideId "13303210"]
[WhiteElo "2306"]
[BlackElo "2234"]
[Result "0-1"]
[Round "07"]
[TimeControl "180+2"]
[Date "2022.12.27"]
[WhiteClock "0:00:08"]
[BlackClock "0:00:06"]

1. d4 Nf6 2. c4 g6 3. Nc3 d5 4. Nf3 Bg7 5. cxd5 Nxd5 6. e4 Nxc3 7. bxc3 c5 8. h3 O-O 9. Be2 cxd4 10. cxd4 Nc6 11. Be3 Qa5+ 12. Bd2 Qa3 13. d5 Ne5 14. Nxe5 Bxe5 15. Rb1 Qxa2 16. O-O b6 17. Bb4 Bd6 18. Ra1 Qb2 19. Bxd6 exd6 20. Qd3 Bd7 21. Rfb1 Qe5 22. Ra6 f5 23. f3 fxe4 24. fxe4 Rfe8 25. Bf3 Rec8 26. Qa3 Rc2 27. Rxa7 Rd8 28. Qe3 Bxh3 29. Raa1 Qg3 0-1


[Site "https://www.chess.com"]

[Event "Titled Tuesday Blitz December 27 Early 2022"]
[White "Prieto Aranguren, Alain"]
[Black "Moreno Perez, Tobias Sebastian"]
[WhiteFideId "2268906"]
[BlackFideId "186716"]
[WhiteElo "2258"]
[BlackElo "2256"]
[Result "0-1"]
[Round "07"]
[TimeControl "180+2"]
[Date "2022.12.27"]
[WhiteClock "0:02:30"]
[BlackClock "0:02:42"]

1. e4 c6 2. d4 d5 3. exd5 cxd5 4. Bd3 Nc6 5. Nf3 Nf6 6. O-O Bg4 7. c3 e6 8. Nbd2 Bd6 9. Qa4 O-O 10. Re1 Qd7 11. Ne5 Nxe5 12. Bb5 Nc6 13. Nb3 a6 14. Bf1 b5 0-1


[Site "https://www.chess.com"]

[Event "Titled Tuesday Blitz December 27 Early 2022"]
[White "Prudnykova, Olga"]
[Black "Kho, Darrell"]
[WhiteFideId "14121093"]
[BlackFideId "1019317"]
[WhiteElo "2268"]
[BlackElo "2075"]
[Result "1-0"]
[Round "07"]
[TimeControl "180+2"]
[Date "2022.12.27"]
[WhiteClock "0:02:35"]
[BlackClock "0:01:33"]

1. e4 g6 2. d4 Bg7 3. Nc3 d6 4. Be3 a6 5. h3 Nd7 6. g4 b5 7. a3 Bb7 8. Bg2 e6 9. Nge2 Ne7 10. Ng3 h6 11. Qd2 c5 12. Rd1 Qc7 13. O-O Kf8 14. f4 cxd4 15. Bxd4 Bxd4+ 16. Qxd4 Qc5 17. Kh2 Qxd4 18. Rxd4 Kg7 19. Rxd6 Kh7 20. Rxd7 1-0


[Site "https://www.chess.com"]

[Event "Titled Tuesday Blitz December 27 Early 2022"]
[White "Quinones Garcia, Santiago"]
[Black "Delorme, Alban"]
[WhiteFideId "4408497"]
[BlackFideId "623636"]
[WhiteElo "2248"]
[BlackElo "2298"]
[Result "1-0"]
[Round "07"]
[TimeControl "180+2"]
[Date "2022.12.27"]
[WhiteClock "0:02:04"]
[BlackClock "0:00:01"]

1. d4 Nf6 2. c4 g6 3. Nc3 Bg7 4. e4 d6 5. Nf3 O-O 6. h3 c5 7. Be3 Nc6 8. Be2 cxd4 9. Nxd4 Bd7 10. O-O Nxd4 11. Bxd4 Bc6 12. Qc2 Rc8 13. Rad1 a6 14. c5 Qa5 15. cxd6 exd6 16. Bxf6 Bxf6 17. Rxd6 Bxc3 18. bxc3 Qe5 19. Rd4 Rfe8 20. f3 Bb5 21. Bxb5 Qxb5 22. Rfd1 Qc5 23. Rd3 Red8 24. Qd2 Kg7 25. Kh1 Rxd4 26. cxd4 Qc4 27. d5 Qa4 28. d6 Rc2 29. d7 Rxd2 30. Rxd2 Qb4 31. d8=Q 1-0


[Site "https://www.chess.com"]